 Dungeon Crawl Stone Soup version 0.26-a0-712-ga5a9c9c9d0 (webtiles) character file.

Game seed: 11226523498862109033

39 mandarbmax the Stinger (level 3, -1/14 HPs)
             Began as a Felid Venom Mage on Oct 31, 2020.
             Slain by an ufetubus (4 damage)
             ... on level 2 of the Dungeon.
             The game lasted 00:03:04 (1282 turns).

mandarbmax the Stinger (Felid Venom Mage)           Turns: 1282, Time: 00:03:06

Health: -1/14      AC:  1    Str:  4    XL:     3   Next: 26%
Magic:  5/7        EV: 18    Int: 17    God:
Gold:   41         SH:  0    Dex: 16    Spells: 3/6 levels left
                                        Lives:  0   Deaths: 0

rFire    . . .     SeeInvis +   (weapon unavailable)
rCold    + . .     Faith    .   (shield unavailable)
rNeg     . . .     Spirit   .   (armour unavailable)
rPois    .         Reflect  .   (helmet unavailable)
rElec    .         Harm     .   (cloak unavailable)
rCorr    .         Rampage  .   (gloves unavailable)
MR       .....                  (boots unavailable)
Stlth    +++.......             (no amulet)
HPRegen  0.04/turn              f - ring of protection from cold
MPRegen  0.10/turn              (no ring)

@: very slightly contaminated, quick
A: very small, no armour, no weapons or thrown items, stealth, claws 1, fangs 3,
see invisible, speed 1, shaggy fur 1, sharp paws
a: no special abilities


You were on level 2 of the Dungeon.
You visited 1 branch of the dungeon, and saw 2 of its levels.

You collected 41 gold pieces.

Inventory:

Jewellery
 f - a ring of protection from cold (left paw)
Scrolls
 a - a scroll of enchant weapon {unknown}
 b - 2 scrolls of identify {unknown}
 c - a scroll of random uselessness {unknown}
 d - 3 scrolls of remove curse {unknown}
 h - a scroll of teleportation {unknown}
 i - a scroll of fog {unknown}
 j - a scroll of amnesia {unknown}
Potions
 e - a potion of heal wounds {unknown}
 g - a potion of invisibility {unknown}


   Skills:
 - Level 3.0 Dodging
 - Level 3.0 Stealth
 + Level 2.4 Spellcasting
 - Level 1.1 Transmutations
 + Level 3.5 Poison Magic


You had 3 spell levels left.
You knew the following spells:

 Your Spells              Type           Power        Failure   Level
a - Sting                 Tmut/Pois      #...         8%          1
b - Poisonous Vapours     Pois/Air       #.....       14%         2

Your spell library contained the following spells:

 Spells                   Type           Power        Failure   Level
 Ignite Poison            Fire/Tmut/Pois #.......     30%         3
 Mephitic Cloud           Conj/Pois/Air  #.......     34%         3
 Olgreb's Toxic Radiance  Pois           ##......     41%         4


Dungeon Overview and Level Annotations

Branches:
Dungeon (2/15)

Altars:


Innate Abilities, Weirdness & Mutations

You cannot wear armour.
You are incapable of wielding weapons or throwing items.
Your paws allow you to move quietly. (Stealth)
You have sharp claws.
You have razor-sharp teeth.
You have supernaturally acute eyesight. (SInv)
You cover ground quickly.
You are covered in fur. (AC +1)
Your sharp claws are effective at attacking unaware monsters.


Message History

The dart slug launches a dart at you. The slug dart hits you.
Unknown command.
The ufetubus closely misses you. The ufetubus hits you.
The dart slug launches a dart at you. The slug dart hits you.
* * * LOW HITPOINT WARNING * * *
The ufetubus completely misses you. x2
You see here a club.
You kill the dart slug!
Casting: Sting (safe; 8% risk of failure)
Confirm with . or Enter, or press ? or * to list all spells.
Aiming: Sting (safe; 8% risk of failure)
Press: ? - help, Shift-Dir - straight line, f - ufetubus
Aim: an ufetubus You miscast Sting.
You are very lightly contaminated with residual magic.
Nothing appears to happen.
The ufetubus closely misses you. The ufetubus hits you.
You die...

#...........
##......####.≈
##.†.........
##)#..#####
#.#..##.. #.#..##.#
#.#..##.# #5#..##.#
#. #@#..##.# #.#
#.#..##.#####.#
##......<)(....##
#...............#
#......†..#####.###
#..........##...#..
#.............#.>..
#.........)##...#.#
#...........>......


You could see an ufetubus.

Vanquished Creatures
  An ooze (D:1)
  2 dart slugs
  4 bats
  2 giant cockroaches (D:1)
  5 goblins
  5 hobgoblins
  A kobold (D:1)
  3 frilled lizards
  8 rats (D:1)
31 creatures vanquished.

Notes
Turn   | Place    | Note
-------+----------+-------------------------------------------
     0 | D:1      | mandarbmax the Felid Venom Mage began the quest for the
                  | Orb.
     0 | D:1      | Reached XP level 1. HP: 7/7 MP: 4/4
   263 | D:1      | Reached XP level 2. HP: 11/11 MP: 3/6
   315 | D:1      | Learned a level 2 spell: Poisonous Vapours
   968 | D:1      | Reached XP level 3. HP: 14/14 MP: 2/7
  1282 | D:2      | Slain by an ufetubus

Illustrated notes

Levels and vault maps discovered:
D:1:      zelgadis_glass_arrival_large, layout_basic
D:2:      layout_loops_ring, elyvilon_altar_4, serial_rivers,
          chequers_serial_rivers_micro_e, chequers_serial_rivers_marsh,
          chequers_serial_rivers_micro_e, chequers_serial_rivers_micro_d,
          chequers_serial_rivers_large_a, chequers_serial_rivers_micro_b,
          minmay_goblin_outpost, uniq_sigmund

Skill      XL: |  1 |
---------------+----+-----
Stealth        | 3 |  3.0
Dodging        | 3 |  3.0
Poison Magic   | 3 |  3.5
Spellcasting   | |  2.4
Transmutations | |  1.1

Action                   || total
-------------------------++-------
Melee: Unarmed           ||    15
       Bite              ||     1
 Cast: Sting             ||    37
       Poisonous Vapours ||     2
 Stab: Sleeping          ||     7
Dodge: Dodged            ||    15

Table legend: (Time is in decaauts)
 A = Elapsed time spent in this place.
 B = Non-inter-level travel time spent in this place.
 C = Inter-level travel time spent in this place.
 D = Time resting spent in this place.
 E = Time spent auto-exploring this place.
 F = Levels seen in this place.
 G = Mean time per level.
                   A        B        C        D        E       F      G
               +--------+--------+--------+--------+--------+-----+--------+
         Total |   1153 |   1141 |     12 |    324 |    652 |   2 |  576.5 |
       Dungeon |   1153 |   1141 |     12 |    324 |    652 |   2 |  576.5 |
               +--------+--------+--------+--------+--------+-----+--------+

Top non-repeatable levels by time:
     D:1: 1106 daAuts
     D:2: 46 daAuts
